Map: 2000 Atmospheres LE

Players

MCanning - Winner!

  • Race: Protoss Protoss

Vindicta

  • Race: Terran Terran

Event: DreamHack SC2 Masters 2021 Fall

VOD

Have the link to the VOD?

Description

Time

  • Played on: Aug. 8, 2021, 3:15 p.m.
  • Length: 11:36

All games in this series

Show
View Real Time Build Order
Export as new Build Order

MCanning Protoss - Winner!

Build Orders: 1 Gate Expand, Blink Stalkers 

Get SALT Encoding   

  12  0:00  Probe  
  13  0:12  Probe  
  14  0:17  Pylon  
  14  0:24  Probe  
  15  0:36  Gateway, Probe (Chrono Boost)  
  16  0:46  Assimilator  
  16  0:47  Probe (Chrono Boost)  
  17  0:51  Probe (Chrono Boost)  
  18  1:03  Probe  
  19  1:15  Probe  
  20  1:23  Nexus  
  20  1:33  Cybernetics Core  
  20  1:37  Probe  
  21  1:42  Assimilator  
  21  1:50  Pylon  
  21  1:52  Probe  
  22  2:04  Probe (Chrono Boost)  
  22  2:07  Adept (Chrono Boost)  
  23  2:10  Warp Gate  
  26  2:16  Probe (Chrono Boost)  
  26  2:21  Twilight Council  
  26  2:22  Probe (Chrono Boost)  
  27  2:31  Stalker  
  30  2:37  Probe (Chrono Boost)  
  30  2:38  Probe (Chrono Boost)  
  31  2:47  Probe (Chrono Boost)  
  31  2:49  Probe (Chrono Boost)  
  33  2:52  Blink (Chrono Boost), Probe (Chrono Boost)  
  34  2:58  Probe  
  34  3:04  Probe  
  36  3:10  Probe  
  37  3:16  Probe  
  37  3:18  Gateway  
  37  3:19  Gateway  
  38  3:22  Probe  
  39  3:27  Shield Battery  
  39  3:28  Probe  
  40  3:35  Probe  
  40  3:38  Robotics Facility  
  40  3:40  Probe  
  41  3:47  Probe  
  42  3:50  Assimilator  
  42  3:52  Probe  
  42  3:53  Pylon  
  43  3:59  Sentry, Probe  
  46  4:11  Probe x2  
  46  4:13  Pylon  
  46  4:15  Stalker  
  49  4:20  Stalker  
  49  4:23  Probe x2  
  53  4:30  Nexus  
  53  4:31  Observer, Stalker  
  54  4:35  Probe x2  
  58  4:43  Stalker  
  60  4:47  Pylon, Charge (Chrono Boost)  
  60  4:48  Probe x2  
  62  4:58  Gateway  
  62  5:02  Gateway  
  62  5:03  Pylon  
  62  5:05  Probe x2  
  65  5:08  Gateway  
  65  5:14  Gateway  
  65  5:20  Probe  
  66  5:21  Shield Battery  
  66  5:22  Immortal (Chrono Boost)  
  69  5:28  Probe  
  69  5:32  Robotics Bay, Probe  
  71  5:40  Probe  
  72  5:43  Dark Shrine  
  72  5:44  Zealot, Probe  
  72  5:49  Probe  
  76  5:50  Sentry  
  76  5:53  Probe  
  79  5:57  Probe  
  79  6:00  Pylon  
  79  6:01  Probe  
  81  6:04  Pylon, Zealot  
  81  6:05  Probe  
  81  6:08  Zealot x3  
  81  6:11  Probe  
  91  6:13  Probe  
  91  6:14  Assimilator  
  92  6:18  Disruptor (Chrono Boost)  
  92  6:20  Pylon  
  92  6:23  Zealot x2  
  99  6:30  Pylon  
  99  6:33  Forge  
  99  6:41  Forge  
  99  6:42  Assimilator  
  99  6:46  Disruptor (Chrono Boost)  
  102  6:48  Zealot x2  
  102  6:49  Zealot x2  
  110  6:56  Dark Templar  
  110  6:57  Dark Templar  
  110  7:00  Zealot  
  114  7:05  Shield Battery  
  114  7:11  Zealot x4  
  114  7:12  Disruptor (Chrono Boost)  
  123  7:16  Pylon  
  123  7:17  Photon Cannon  
  123  7:23  Stalker  
  123  7:27  Protoss Ground Armor Level 1 (Chrono Boost)  
  125  7:30  Pylon  
  125  7:32  Protoss Ground Weapons Level 1 (Chrono Boost), Pylon  
  125  7:33  Shield Battery  
  125  7:43  Zealot x4  
  131  7:44  Stalker  
  131  7:49  Disruptor  
  132  8:01  Stalker x2  
  136  8:08  Pylon  
  136  8:11  Pylon  
  134  8:13  Stalker x5  
  144  8:22  Colossus (Chrono Boost)  
  142  8:38  Extended Thermal Lance  
  142  8:44  Gateway x2  
  142  8:45  Dark Templar  
  142  8:46  Dark Templar, Gateway  
  146  8:53  Archon  
  146  8:54  Nexus  
  146  8:57  Pylon  
  146  8:59  Dark Templar  
  148  9:06  Zealot  
  148  9:07  Zealot  
  150  9:12  Colossus (Chrono Boost)  
  154  9:22  Shield Battery, Stalker x2  
  158  9:24  Probe  
  159  9:32  Stalker x3  
  159  9:43  Zealot x5  
  165  9:47  Dark Templar  
  165  9:49  Probe  
  168  9:58  Stalker x2  
  168  9:59  Stalker  
  172  10:06  Probe  
  171  10:15  Probe x2  
  171  10:16  Probe  
  171  10:18  Probe  
  175  10:24  Zealot x3  
  175  10:27  Probe x2  
  183  10:32  Photon Cannon  
  183  10:33  Pylon  
  183  10:38  Robotics Facility  
  183  10:42  Disruptor  
  186  10:50  Templar Archives  
  186  10:53  Pylon  
  186  10:54  Pylon  
  160  11:14  Zealot x10  
Show
View Real Time Build Order
Export as new Build Order

Vindicta Terran 

Build Orders:  

Get SALT Encoding   

  12  0:02  SCV  
  13  0:14  SCV  
  14  0:17  Supply Depot  
  14  0:26  SCV  
  15  0:39  SCV  
  15  0:40  Barracks  
  16  0:44  Refinery  
  16  0:51  SCV  
  17  1:03  SCV  
  18  1:15  SCV  
  19  1:27  Marine, Orbital Command  
  20  1:46  Command Center  
  20  1:49  Barracks Reactor  
  20  1:53  SCV  
  21  2:01  Supply Depot  
  21  2:05  SCV  
  22  2:16  Bunker  
  22  2:17  SCV  
  22  2:21  Factory  
  23  2:25  Reaper  
  23  2:27  Marine  
  25  2:31  SCV  
  26  2:37  Refinery  
  26  2:43  SCV  
  27  2:47  Marine  
  28  2:55  SCV  
  28  2:56  Marine  
  30  2:58  Orbital Command  
  30  3:05  Marine  
  31  3:08  SCV  
  31  3:09  Starport  
  31  3:11  Factory Tech Lab  
  32  3:14  Marine  
  33  3:21  Supply Depot  
  33  3:23  Marine, SCV  
  35  3:28  SCV  
  36  3:35  Siege Tank  
  36  3:36  SCV  
  36  3:40  Marine, SCV  
  42  3:42  Marine  
  42  3:45  Starport Tech Lab  
  42  3:48  SCV  
  44  3:52  SCV  
  45  3:57  Supply Depot  
  45  3:58  Marine  
  45  4:00  Marine, SCV  
  48  4:05  SCV  
  49  4:12  Raven  
  49  4:15  SCV  
  49  4:16  Marine, Barracks  
  54  4:17  SCV  
  54  4:18  Barracks  
  54  4:26  Refinery  
  54  4:27  SCV, Engineering Bay  
  55  4:34  Siege Tank  
  55  4:37  Marine  
  55  4:38  SCV  
  60  4:39  Marine, SCV  
  60  4:40  Supply Depot  
  60  4:45  Supply Depot  
  61  4:50  SCV  
  62  4:55  Terran Infantry Weapons Level 1  
  62  4:58  Refinery  
  62  5:02  Marine, SCV x2  
  65  5:08  Supply Depot  
  65  5:10  Starport Reactor  
  65  5:12  Marine  
  66  5:14  SCV x2  
  66  5:15  Stimpack  
  66  5:16  Marine x2  
  66  5:21  Marine  
  71  5:22  Supply Depot, Factory Tech Lab  
  71  5:25  Combat Shield  
  71  5:26  SCV x2  
  73  5:29  Marine  
  73  5:34  Marine, Supply Depot  
  73  5:35  Marauder  
  77  5:38  SCV  
  79  5:43  Marine  
  79  5:47  Marine, Supply Depot  
  82  5:50  Medivac x2  
  82  5:52  Marauder  
  82  5:57  Marauder  
  86  6:02  Siege Tank  
  89  6:06  Command Center  
  89  6:13  Marauder  
  89  6:14  Marine  
  89  6:18  Marauder  
  93  6:19  Supply Depot  
  93  6:24  Medivac  
  95  6:27  Marine, Medivac  
  95  6:31  Marine  
  98  6:35  Marauder  
  98  6:39  Marine  
  101  6:43  Barracks  
  101  6:45  Marine  
  102  6:49  Barracks  
  102  6:51  Marine  
  103  6:56  SCV x2, Marauder  
  103  6:58  Terran Infantry Armor Level 1  
  109  7:01  Supply Depot  
  109  7:02  Marine, Siege Tank  
  113  7:09  Marine  
  113  7:11  Medivac x2  
  114  7:17  Marine  
  114  7:19  Marine, SCV x2  
  118  7:24  Orbital Command  
  118  7:28  Marine  
  119  7:32  SCV x2  
  119  7:33  Marine x2  
  119  7:35  Marauder  
  125  7:37  Supply Depot  
  125  7:40  Barracks Reactor  
  117  7:44  Missile Turret  
  117  7:47  Marine  
  117  7:48  Marine  
  117  7:51  Marine  
  115  7:53  Orbital Command  
  115  7:57  SCV x2, Missile Turret  
  117  8:05  Barracks Tech Lab  
  118  8:06  Missile Turret  
  118  8:09  SCV  
  118  8:10  SCV  
  120  8:18  SCV  
  123  8:21  SCV  
  123  8:22  SCV, Liberator  
  123  8:24  Liberator  
  128  8:31  Marine  
  128  8:32  Marine  
  128  8:34  Marine, SCV  
  128  8:35  Marine x2  
  128  8:39  Marine, Siege Tank  
  128  8:41  Marine  
  135  8:46  SCV  
  135  8:48  Marine, Supply Depot  
  135  8:49  Supply Depot  
  135  8:52  SCV x2  
  135  8:54  Marine, Marauder  
  141  8:58  SCV, Concussive Shells  
  142  9:04  SCV  
  142  9:05  Marine  
  142  9:09  Refinery  
  146  9:10  Medivac x2  
  146  9:11  Marine  
  146  9:13  SCV  
  146  9:14  SCV  
  146  9:16  SCV  
  152  9:18  Supply Depot  
  152  9:23  Marine  
  152  9:24  Ghost Academy  
  157  9:25  SCV  
  157  9:27  SCV  
  157  9:28  SCV  
  150  9:40  Viking, Liberator  
  147  9:46  Marine x4, Refinery, Marauder  
  147  9:49  SCV  
  147  9:50  Armory  
  147  9:52  Bunker, Engineering Bay  
  152  9:54  Enhanced Shockwaves  
  152  9:58  Ghost  
  147  10:06  SCV x2  
  146  10:08  SCV  
  146  10:09  Sensor Tower  
  146  10:10  Liberator  
  146  10:12  Marine x4, Marauder x2  
  158  10:24  Command Center  
  158  10:27  Marauder  
  160  10:33  Ghost  
  160  10:35  SCV x2  
  164  10:36  Missile Turret x2  
  166  10:53  Marine x3  
  166  10:54  Marauder  
  169  10:58  Viking x2  
  169  11:02  Orbital Command, Siege Tank  
  156  11:13  SCV x2  

Tags
 
Add a new tag
Caveats
  • Supply blocks, unpowered buildings, or Contaminate may cause inaccurate times.
  • Supply counts are checked every 10 seconds.